[Event "Titled Tuesday Blitz April 18 Late 2023"]
[White "Li, Hui"]
[Black "Vaglio Munoz, Jaime"]
[WhiteFideId "15400310"]
[BlackFideId "6500145"]
[WhiteElo "1967"]
[BlackElo "2199"]
[Result "1-0"]
[Round "04"]
[TimeControl "180+2"]
[Date "2023.04.18"]
[WhiteClock "0:00:03"]
[BlackClock "0:00:01"]

1. e4 e6 2. d4 d5 3. exd5 exd5 4. Bd3 Bd6 5. Nf3 Ne7 6. O-O Bf5 7. Re1 Bg6 8. Bg5 O-O 9. Bh4 c5 10. Bg3 Nbc6 11. Bxd6 Qxd6 12. dxc5 Qxc5 13. Bxg6 hxg6 14. Nbd2 Nf5 15. c3 Rad8 16. Nb3 Qb6 17. Qe2 a5 18. Rad1 a4 19. Nbd4 Ncxd4 20. Nxd4 Rfe8 21. Qxe8+ Rxe8 22. Rxe8+ Kh7 23. Nxf5 gxf5 24. Re2 Qb5 25. Red2 f4 26. h3 Qc4 27. Rxd5 Qxa2 28. R1d2 f6 29. Kh2 Qc4 30. R5d4 Qc7 31. Rxa4 f3+ 32. g3 g5 33. Rad4 Kg6 34. R2d3 Qc6 35. c4 b6 36. b3 Kh5 37. Re3 f5 38. g4+ fxg4 39. Rxg4 Qd6+ 40. Rg3 Kh4 41. Rxf3 b5 42. cxb5 Qb8 43. Kg2 Qxb5 44. Rg4+ Kh5 45. Rfg3 Qd5+ 46. Kh2 Kh6 47. Rxg5 Qd2 48. Rg6+ Kh7 49. Rf6 Qd4 50. Rff3 Kh6 51. Rg4 Qe5+ 52. Kg2 Qd5 53. b4 Kh5 54. Rf4 Kh6 55. Rg4 Kh5 56. Rf4 Kh6 57. Kh2 Qe5 58. Kg3 Qg5+ 59. Rg4 Qe5+ 60. Rff4 Qc3+ 61. Kh2 1-0


[Site "https://www.chess.com"]

[Event "Titled Tuesday Blitz April 18 Late 2023"]
[White "Harish, Neeraj"]
[Black "Alexikov, Alexander"]
[WhiteFideId "30958130"]
[BlackFideId "14103958"]
[WhiteElo "1965"]
[BlackElo "2186"]
[Result "1-0"]
[Round "04"]
[TimeControl "180+2"]
[Date "2023.04.18"]
[WhiteClock "0:00:28"]
[BlackClock "0:00:01"]

1. e4 c5 2. Nf3 d6 3. d4 Nf6 4. Nc3 cxd4 5. Nxd4 a6 6. Be3 Ng4 7. Bg5 h6 8. Bh4 Nc6 9. Qd2 g5 10. Bg3 Bg7 11. Nb3 Be6 12. O-O-O Rc8 13. h4 gxh4 14. Rxh4 h5 15. Kb1 Bf6 16. Rh1 h4 17. Bf4 Qb6 18. f3 Nge5 19. Be3 Qc7 20. f4 Ng4 21. Bg1 Nb4 22. Bd4 Nc6 23. Bxf6 Nxf6 24. Nd5 Bxd5 25. exd5 Nb8 26. c4 b5 27. cxb5 axb5 28. Bxb5+ Kf8 29. Rc1 Qb7 30. Rxc8+ 1-0


[Site "https://www.chess.com"]

[Event "Titled Tuesday Blitz April 18 Late 2023"]
[White "Fuzesabonyilaci"]
[Black "ChessSG1"]
[WhiteElo "2345"]
[BlackElo "2194"]
[Result "0-1"]
[Round "04"]
[TimeControl "180+2"]
[Date "2023.04.18"]
[WhiteClock "0:00:03"]
[BlackClock "0:00:28"]

1. e4 c5 2. Nf3 g6 3. d4 cxd4 4. Qxd4 Nf6 5. Bb5 Nc6 6. Bxc6 dxc6 7. Qxd8+ Kxd8 8. Nc3 Ke8 9. Bf4 Bg7 10. O-O-O h6 11. h3 Be6 12. Nd4 Bd7 13. Nb3 b6 14. e5 Nh5 15. Bh2 Bf8 16. Rd2 Ng7 17. Rhd1 Rd8 18. f4 Ne6 19. g4 f5 20. gxf5 gxf5 21. Ne2 c5 22. Rd3 Bb5 23. Rxd8+ Nxd8 24. Ng3 e6 25. Nd2 Rg8 26. Nh5 Be7 27. Rg1 Rxg1+ 28. Bxg1 Kf7 29. Ng3 Bc6 30. Bf2 Bg2 31. Kd1 Bxh3 32. Ke2 Bg4+ 33. Ke3 Nc6 34. Ndf1 h5 35. Nh2 Bd1 36. c3 h4 37. Ngf1 Na5 38. Nd2 Bh5 39. Nhf3 h3 40. Bg1 Bg4 41. Kf2 Kg6 42. Kg3 Kh5 43. Nh2 Bh4# 0-1


[Site "https://www.chess.com"]

[Event "Titled Tuesday Blitz April 18 Late 2023"]
[White "Ng, Gary"]
[Black "Brod, Manfred"]
[WhiteFideId "2604914"]
[BlackFideId "1602110"]
[WhiteElo "2304"]
[BlackElo "2080"]
[Result "0-1"]
[Round "04"]
[TimeControl "180+2"]
[Date "2023.04.18"]
[WhiteClock "0:00:15"]
[BlackClock "0:00:12"]

1. d4 f5 2. g3 Nf6 3. Bg2 e6 4. Nh3 Be7 5. O-O d6 6. c4 O-O 7. Nc3 c6 8. Qc2 Qc7 9. Rd1 e5 10. b3 h6 11. Bb2 Be6 12. Rac1 g5 13. d5 Bd7 14. dxc6 bxc6 15. Nb5 Qa5 16. Nxd6 e4 17. c5 Be6 18. a3 Nbd7 19. b4 Qc7 20. Nc4 Bd5 21. e3 Kh7 22. Bf1 Rg8 23. f4 Raf8 24. Nf2 gxf4 25. exf4 Qxf4 26. Qd2 e3 27. Qxe3 Qf3 28. Qxf3 Bxf3 29. Re1 Bd8 30. Ne5 Nxe5 31. Bxe5 Nd5 32. Bg2 Bxg2 33. Kxg2 f4 34. Ne4 h5 35. Re2 f3+ 36. Kf2 fxe2+ 37. Kxe2 Re8 38. Kd3 Rxe5 39. Rf1 Rge8 40. Nd6 Re3+ 41. Kd4 Bf6+ 42. Rxf6 Nxf6 43. Nxe8 Rxe8 44. h3 Kg6 45. g4 hxg4 46. hxg4 Kg5 47. a4 Kxg4 48. b5 Rc8 49. Kc4 Nd7 50. Kb4 cxb5 51. axb5 Rxc5 52. Ka5 Rc8 53. Ka6 Rb8 54. Kxa7 Rxb5 55. Ka6 Rb1 56. Ka7 Kf5 57. Ka6 Ke5 58. Ka7 Kd6 59. Ka6 Kc6 60. Ka7 Nf6 61. Ka6 Ra1# 0-1


[Site "https://www.chess.com"]

[Event "Titled Tuesday Blitz April 18 Late 2023"]
[White "Atanasov, Radislav"]
[Black "Msellek, Ilyass"]
[WhiteFideId "2901471"]
[BlackFideId "675938"]
[WhiteElo "2077"]
[BlackElo "2302"]
[Result "1-0"]
[Round "04"]
[TimeControl "180+2"]
[Date "2023.04.18"]
[WhiteClock "0:02:19"]
[BlackClock "0:02:26"]

1. e4 d5 2. exd5 Qxd5 3. Nf3 Nf6 4. Be2 g6 5. O-O Bg7 6. c4 O-O 7. cxd5 Nxd5 8. d4 c6 9. Nc3 Nb6 10. Re1 N8d7 11. h3 e6 12. Bg5 h6 13. Bf4 Nf6 14. Qd2 Kh7 15. Rad1 Nfd5 16. Nxd5 exd5 17. Bd3 Be6 18. Ne5 1-0


[Site "https://www.chess.com"]

[Event "Titled Tuesday Blitz April 18 Late 2023"]
[White "Santos Flores, Alberto"]
[Black "BebeBonito2022"]
[WhiteFideId "3601234"]
[WhiteElo "2235"]
[BlackElo "2204"]
[Result "1-0"]
[Round "04"]
[TimeControl "180+2"]
[Date "2023.04.18"]
[WhiteClock "0:00:04"]
[BlackClock "0:00:01"]

1. e4 e5 2. Nf3 Nc6 3. Bc4 Nf6 4. d3 Bc5 5. c3 a6 6. a4 Ba7 7. Nbd2 h6 8. Nf1 O-O 9. Ng3 d5 10. exd5 Nxd5 11. O-O Be6 12. Re1 Re8 13. Qe2 Nf4 14. Qf1 Bxc4 15. dxc4 Qd3 16. Bxf4 Qxf1+ 17. Nxf1 exf4 18. b4 f6 19. a5 Rad8 20. c5 Ne5 21. Nd4 c6 22. Re4 Nd3 23. Rxe8+ Rxe8 24. Rd1 Nb2 25. Rd2 Nc4 26. Re2 Rxe2 27. Nxe2 Bb8 28. Nd4 Kf7 29. f3 Be5 30. Kf2 Bxd4+ 31. cxd4 Ke6 32. Ke2 Kd5 33. Kd3 Nb2+ 34. Kc2 Nc4 35. Kc3 Ne3 36. Nd2 Nxg2 37. Kd3 Nh4 38. h3 Nf5 39. Nc4 Nxd4 40. Nb6+ Ke5 41. Nd7+ Ke6 42. Nf8+ Kf7 43. Nd7 Nf5 44. b5 cxb5 45. Nb8 Ke6 46. c6 bxc6 47. Nxa6 Kd5 48. Nc7+ Kd6 49. Ne8+ Kd7 50. Ke4 1-0


[Site "https://www.chess.com"]

[Event "Titled Tuesday Blitz April 18 Late 2023"]
[White "Jaskolka, Tomasz"]
[Black "Gardezi, Arsal"]
[WhiteFideId "1170791"]
[BlackFideId "30949521"]
[WhiteElo "2155"]
[BlackElo "1906"]
[Result "1-0"]
[Round "04"]
[TimeControl "180+2"]
[Date "2023.04.18"]
[WhiteClock "0:01:50"]
[BlackClock "0:01:13"]

1. e4 e5 2. Nf3 Nc6 3. Bc4 Nf6 4. Ng5 d5 5. exd5 Na5 6. Bb5+ c6 7. dxc6 bxc6 8. Bd3 Nd5 9. h4 h6 10. Qh5 Qf6 11. Nxf7 Nf4 12. Qxe5+ Kxf7 13. Qxa5 Nxg2+ 14. Kf1 Nf4 15. Bc4+ Be6 16. Bxe6+ Qxe6 17. Qc7+ Kg8 18. Qxf4 Bd6 19. Qe3 Qd5 20. Qb3 Re8 21. Qxd5+ cxd5 22. d4 Bb4 23. c3 Bd6 24. Be3 Kf7 25. Nd2 Rhf8 26. Ke2 Kg6 27. Rag1+ Kh7 28. h5 Bf4 29. Nf3 Bd6 30. Rg6 Bb8 31. Rhg1 Re7 32. Ne5 Rf5 33. Nc6 Rb7 34. Nxb8 Rxb8 35. Rxg7+ Kh8 36. b4 1-0


[Site "https://www.chess.com"]

[Event "Titled Tuesday Blitz April 18 Late 2023"]
[White "Golubev, Mikhail"]
[Black "Uddin, Mubassar"]
[WhiteFideId "14100983"]
[BlackFideId "2093944"]
[WhiteElo "2374"]
[BlackElo "2051"]
[Result "1/2-1/2"]
[Round "04"]
[TimeControl "180+2"]
[Date "2023.04.18"]
[WhiteClock "0:00:02"]
[BlackClock "0:00:36"]

1. e4 c6 2. d4 d5 3. e5 Bf5 4. h4 h6 5. g4 Bh7 6. e6 fxe6 7. Bd3 Bxd3 8. Qxd3 Qd6 9. Qg6+ Kd8 10. Nf3 Nd7 11. Qf7 Ngf6 12. g5 Ne4 13. gxh6 gxh6 14. c3 e5 15. dxe5 Nxe5 16. Nxe5 Qxe5 17. Be3 Qf6 18. Qh5 e5 19. Nd2 Nxd2 20. Bxd2 Bc5 21. O-O-O Kc7 22. Rhg1 Rag8 23. Rxg8 Rxg8 24. Bxh6 Bxf2 25. Bg5 Qe6 26. Rf1 Rf8 27. Bd2 e4 28. Qe2 Qf5 29. h5 e3 30. Be1 Rh8 31. Bxf2 exf2 32. Rxf2 Qg5+ 33. Kc2 Qxh5 34. Qe7+ Kb6 35. Qb4+ Ka6 36. Qa4+ Kb6 37. Qb4+ Kc7 38. Qe7+ Kb6 39. Qb4+ 1/2-1/2


[Site "https://www.chess.com"]

[Event "Titled Tuesday Blitz April 18 Late 2023"]
[White "Broca Jimenez, Fernando"]
[Black "Mikheev, Stanislav"]
[WhiteFideId "5104742"]
[BlackFideId "4135920"]
[WhiteElo "2062"]
[BlackElo "2230"]
[Result "0-1"]
[Round "04"]
[TimeControl "180+2"]
[Date "2023.04.18"]
[WhiteClock "0:02:06"]
[BlackClock "0:01:51"]

1. e4 e5 2. Nf3 Nc6 3. Bb5 a6 4. Ba4 Nf6 5. O-O Be7 6. Re1 b5 7. Bb3 d6 8. c3 O-O 9. h3 Nb8 10. d4 Nbd7 11. Nbd2 Bb7 12. Bc2 Re8 13. Nf1 Bf8 14. g4 exd4 15. Qxd4 d5 16. exd5 Rxe1 17. Nxe1 Bc5 18. Qd1 Nxd5 19. Be4 Nxc3 20. Bxh7+ Kxh7 21. Qc2+ Ne4 22. Ng3 Bxf2+ 23. Kh2 Bxg3+ 0-1


[Site "https://www.chess.com"]

[Event "Titled Tuesday Blitz April 18 Late 2023"]
[White "Stanisz, Patryk"]
[Black "Todorovic, Bojan"]
[WhiteFideId "1123106"]
[BlackFideId "917087"]
[WhiteElo "2069"]
[BlackElo "2266"]
[Result "0-1"]
[Round "04"]
[TimeControl "180+2"]
[Date "2023.04.18"]
[WhiteClock "0:00:01"]
[BlackClock "0:00:28"]

1. d4 Nf6 2. c4 g6 3. Nc3 Bg7 4. e4 d6 5. Be2 O-O 6. g4 c5 7. d5 e6 8. g5 Nh5 9. Bxh5 gxh5 10. Qxh5 exd5 11. cxd5 Re8 12. Nge2 Nd7 13. O-O c4 14. Be3 Ne5 15. f3 Bd7 16. Nd4 Qc8 17. Ncb5 Bf8 18. f4 Ng4 19. Rae1 a6 20. Nc3 Nxe3 21. Rxe3 Qc5 22. Nce2 Bg7 23. Rd1 Re7 24. Kg2 Rae8 25. Qf3 Kh8 26. f5 Be5 27. f6 Bxd4 28. Nxd4 Re5 29. h4 Rg8 30. Kh2 h6 31. gxh6 Rg6 32. Ree1 Qb4 33. Nf5 Qxb2+ 34. Re2 Qxe2+ 35. Qxe2 Bxf5 36. Re1 Rg4 37. Qxc4 Rxh4+ 38. Kg3 Rg4+ 39. Kf2 Bxe4 40. Qc7 Rg2+ 41. Kf1 Rf5# 0-1


[Site "https://www.chess.com"]

[Event "Titled Tuesday Blitz April 18 Late 2023"]
[White "Rose, Felix"]
[Black "Marin Masis, Jose Esteban"]
[WhiteFideId "5105722"]
[BlackFideId "6508146"]
[WhiteElo "2039"]
[BlackElo "1838"]
[Result "0-1"]
[Round "04"]
[TimeControl "180+2"]
[Date "2023.04.18"]
[WhiteClock "0:00:09"]
[BlackClock "0:00:16"]

1. e4 c5 2. Nf3 Nc6 3. d4 cxd4 4. Nxd4 Nf6 5. Nc3 e5 6. Ndb5 d6 7. Bg5 a6 8. Na3 b5 9. Nd5 Be7 10. Bxf6 Bxf6 11. c3 O-O 12. Nc2 Bg5 13. a4 bxa4 14. Rxa4 a5 15. Bc4 Be6 16. b3 Ne7 17. h4 Bh6 18. Nxe7+ Qxe7 19. Bd5 Ra7 20. Na3 Bd7 21. Rc4 Rc8 22. Rxc8+ Bxc8 23. Nc4 Bd7 24. Nxd6 Be6 25. Bxe6 Qxe6 26. Nc4 Rd7 27. Qa1 Qg4 28. O-O Qxh4 29. Qxa5 Bf4 30. Ra1 g6 31. Kf1 Qh1+ 32. Ke2 Qxg2 33. Qa8+ Kg7 34. Qc6 Qg4+ 35. Kf1 Qh3+ 36. Ke2 Qd3+ 37. Ke1 Bd2+ 38. Nxd2 Qxd2+ 39. Kf1 Qd3+ 40. Kg2 Rd6 41. Qc7 Qxe4+ 42. Kg1 Rf6 43. Qc4 Qf3 44. Qf1 Rf4 45. Qb5 Rg4+ 46. Kf1 Qh3+ 47. Ke2 Re4+ 48. Kd2 Qh6+ 49. Kc2 Qf4 50. Rd1 Qxf2+ 51. Rd2 Qf5 52. Qd3 Rf4 53. Qxf5 Rxf5 54. b4 Rf6 55. b5 h5 56. c4 h4 57. c5 h3 58. c6 e4 59. c7 e3 60. c8=Q exd2 61. Kxd2 Rf2+ 62. Ke3 h2 63. Qh3 Ra2 64. b6 Ra3+ 65. Ke4 Rxh3 66. b7 Rb3 67. Kf4 Rxb7 0-1


[Site "https://www.chess.com"]

[Event "Titled Tuesday Blitz April 18 Late 2023"]
[White "Vargas Rodriguez, Wilver"]
[Black "Wang, Alexander J"]
[WhiteFideId "3509672"]
[BlackFideId "30955270"]
[WhiteElo "2224"]
[BlackElo "2299"]
[Result "1-0"]
[Round "04"]
[TimeControl "180+2"]
[Date "2023.04.18"]
[WhiteClock "0:01:47"]
[BlackClock "0:00:58"]

1. e4 c5 2. Nf3 d6 3. d4 cxd4 4. Nxd4 Nf6 5. Nc3 g6 6. Be2 Bg7 7. Be3 O-O 8. O-O Nc6 9. Nb3 Ne5 10. f4 Neg4 11. Bd4 e5 12. fxe5 dxe5 13. Bc5 Qxd1 14. Raxd1 Re8 15. h3 Nh6 16. g4 g5 17. Bb5 1-0


[Site "https://www.chess.com"]

[Event "Titled Tuesday Blitz April 18 Late 2023"]
[White "Oliveira, Tiago Batista"]
[Black "Sarkar, Justin"]
[WhiteFideId "2108291"]
[BlackFideId "2010011"]
[WhiteElo "1962"]
[BlackElo "2189"]
[Result "1-0"]
[Round "04"]
[TimeControl "180+2"]
[Date "2023.04.18"]
[WhiteClock "0:00:52"]
[BlackClock "0:00:01"]

1. d4 Nf6 2. c4 e6 3. Nf3 d5 4. g3 Bb4+ 5. Bd2 Be7 6. Bg2 O-O 7. O-O c6 8. Nc3 Ne4 9. Qc2 f5 10. Rad1 Nd7 11. Ne1 Bf6 12. Bc1 Nxc3 13. bxc3 dxc4 14. e4 fxe4 15. Bxe4 h6 16. Nf3 Qe7 17. Rfe1 Nb6 18. Qe2 Bd7 19. Bc2 Be8 20. Qe4 g5 21. Ba3 Qg7 22. Bxf8 Kxf8 23. Qxe6 Bd7 24. Qd6+ Kg8 25. Ne5 Bxe5 26. dxe5 Bg4 27. Rd4 Bf3 28. Qe6+ Kh8 29. Qf5 Rf8 30. Qg6 Nd5 31. e6 Qxg6 32. Bxg6 Kg7 33. Be4 1-0


[Site "https://www.chess.com"]

[Event "Titled Tuesday Blitz April 18 Late 2023"]
[White "Barria Santos, Jose Guilherme"]
[Black "Tyagi, Kushan"]
[WhiteFideId "1939300"]
[BlackFideId "2040069"]
[WhiteElo "2266"]
[BlackElo "2282"]
[Result "1-0"]
[Round "04"]
[TimeControl "180+2"]
[Date "2023.04.18"]
[WhiteClock "0:00:59"]
[BlackClock "0:00:28"]

1. e4 c5 2. Nf3 e6 3. d4 cxd4 4. Nxd4 a6 5. c4 Nf6 6. Nc3 Qc7 7. Be3 Bb4 8. Qc2 Bxc3+ 9. bxc3 d6 10. Be2 Nbd7 11. Rb1 b6 12. O-O Bb7 13. f3 O-O 14. a4 Rac8 15. Nb3 Bc6 16. a5 bxa5 17. Ra1 a4 18. Nd4 Ne5 19. Nxc6 Qxc6 20. Rxa4 Nfd7 21. Qa2 Nc5 22. Bxc5 Qxc5+ 23. Kh1 Qe3 24. Rxa6 Qxc3 25. Rxd6 Nxc4 26. Bxc4 Rxc4 27. Rd7 h5 28. h3 Qe3 29. Rfd1 Kh7 30. Qxc4 Qf2 31. Rf1 Qg3 32. Qc7 Kg6 33. Qxg3+ 1-0


[Site "https://www.chess.com"]

[Event "Titled Tuesday Blitz April 18 Late 2023"]
[White "StarkyNZ"]
[Black "Manfroi, Alexander Giannini"]
[BlackFideId "22739335"]
[WhiteElo "2270"]
[BlackElo "1618"]
[Result "1-0"]
[Round "04"]
[TimeControl "180+2"]
[Date "2023.04.18"]
[WhiteClock "0:01:57"]
[BlackClock "0:01:15"]

1. c4 c6 2. d4 d5 3. Nf3 Nf6 4. Nc3 a6 5. Bg5 h6 6. Bxf6 exf6 7. e3 Bb4 8. Qb3 Bxc3+ 9. bxc3 dxc4 10. Bxc4 O-O 11. O-O b5 12. Be2 Be6 13. Qc2 Qd7 14. Nd2 c5 15. a4 bxa4 16. Ne4 cxd4 17. cxd4 Nc6 18. Nc5 Qd6 19. Rxa4 a5 20. Rc1 Rfc8 21. Bf3 Bd5 22. e4 Nb4 23. Rxb4 Bxe4 24. Bxe4 axb4 25. Bxa8 Qc7 26. Bd5 Qd6 27. Qc4 Rd8 28. Bxf7+ Kf8 29. Ne6+ 1-0


[Site "https://www.chess.com"]

[Event "Titled Tuesday Blitz April 18 Late 2023"]
[White "De Souza, Cristiano Gomes"]
[Black "Maranhao,Jose Renato Ruiz"]
[WhiteFideId "2151758"]
[BlackFideId "2135175"]
[WhiteElo "2068"]
[BlackElo "1970"]
[Result "1-0"]
[Round "04"]
[TimeControl "180+2"]
[Date "2023.04.18"]
[WhiteClock "0:00:14"]
[BlackClock "0:00:01"]

1. d4 d5 2. c4 c6 3. Nf3 Nf6 4. Nc3 e6 5. Bg5 Nbd7 6. e3 h6 7. Bh4 Be7 8. Rc1 O-O 9. Bd3 b6 10. O-O Ba6 11. cxd5 Bxd3 12. Qxd3 cxd5 13. Bg3 a6 14. Ne2 Ne4 15. Nd2 Nxg3 16. hxg3 b5 17. Rc2 Nb6 18. b3 Qd7 19. Rfc1 Rfc8 20. Nf3 Rxc2 21. Rxc2 Rc8 22. Ne5 Qd8 23. Nf4 Rxc2 24. Qxc2 Qd6 25. f3 a5 26. Kf2 a4 27. Nc6 Bf6 28. Na7 axb3 29. axb3 Qb4 30. Nc8 Nd7 31. Nd3 Qa3 32. Nc5 Nxc5 33. dxc5 Qa1 34. c6 Bc3 35. Qe2 Qa6 36. Nd6 Qxc6 37. Nxb5 Bb4 38. Nd4 Qc1 39. f4 Qb1 40. g4 g6 41. Qb5 Bc3 42. Qe8+ Kg7 43. Nxe6+ fxe6 44. Qe7+ Kh8 45. Qf8+ Kh7 46. Qf7+ Bg7 47. Qxe6 Qxb3 48. f5 Qc2+ 49. Kg3 gxf5 50. gxf5 Qe4 51. Qg6+ Kg8 52. Kf2 d4 53. exd4 Qxd4+ 54. Kf3 Qd3+ 55. Kg4 Qe2+ 56. Kh3 Kh8 57. f6 Qe6+ 58. g4 Bxf6 59. Qxh6+ Kg8 60. Qg6+ Kf8 61. Qf5 Qe3+ 62. Kg2 Kg7 63. Qf3 Qd2+ 64. Qf2 Qd5+ 65. Qf3 Qa2+ 66. Qf2 Qa8+ 67. Qf3 Qh8 68. g5 Be5 69. Qf5 Qh2+ 70. Kf3 Qg3+ 71. Ke4 Bc7 72. Qd7+ Kg6 73. Qf5+ Kg7 74. Qf6+ Kg8 75. g6 Qg2+ 76. Kf5 Qf3+ 77. Ke6 Qe4+ 78. Kd7 1-0


[Site "https://www.chess.com"]

[Event "Titled Tuesday Blitz April 18 Late 2023"]
[White "Sanchez, Robert"]
[Black "Simonovic, Miroslav"]
[WhiteFideId "2034360"]
[BlackFideId "919152"]
[WhiteElo "1960"]
[BlackElo "2042"]
[Result "0-1"]
[Round "04"]
[TimeControl "180+2"]
[Date "2023.04.18"]
[WhiteClock "0:02:05"]
[BlackClock "0:00:55"]

1. e4 c5 2. d4 cxd4 3. c3 dxc3 4. Nxc3 Nc6 5. Nf3 d6 6. Bc4 e6 7. O-O Be7 8. Qe2 Nf6 9. Rd1 Qa5 10. Bf4 e5 11. Bg5 Bg4 12. Bxf6 gxf6 13. Qe3 Nd4 14. Be2 Nc2 15. Qh6 Nxa1 16. Rxa1 Be6 17. Bb5+ Bd7 18. Bxd7+ Kxd7 19. Qh3+ Ke8 20. Nd5 Rd8 21. Rc1 Qa4 22. Nc7+ Kf8 23. Qh6+ Kg8 24. Nd5 Qe8 25. Nh4 Qf8 26. Nxe7+ Qxe7 27. Rc3 0-1


[Site "https://www.chess.com"]

[Event "Titled Tuesday Blitz April 18 Late 2023"]
[White "Govender, Kaedan"]
[Black "Antonio, Jorge Carlos"]
[WhiteFideId "14322072"]
[BlackFideId "113190"]
[WhiteElo "1961"]
[BlackElo "2247"]
[Result "0-1"]
[Round "04"]
[TimeControl "180+2"]
[Date "2023.04.18"]
[WhiteClock "0:02:20"]
[BlackClock "0:01:42"]

1. d4 d5 2. c4 c6 3. Nf3 Nf6 4. cxd5 cxd5 5. Nc3 Nc6 6. Bf4 a6 7. h3 g6 8. Qd2 Bg7 9. Bh6 O-O 10. Bxg7 Kxg7 11. e3 Ne4 12. Qc2 f5 13. Bd3 Nb4 14. Qd1 Nxd3+ 15. Qxd3 Bd7 16. Nxd5 Qa5+ 17. Nc3 Bb5 18. Qc2 Rac8 19. Rc1 Rc7 20. Nd2 Nxc3 21. bxc3 Rfc8 22. c4 Rxc4 23. Qb2 Rxc1+ 24. Qxc1 Rxc1# 0-1


[Site "https://www.chess.com"]

[Event "Titled Tuesday Blitz April 18 Late 2023"]
[White "Torres Hernandez, Leslie Carolin"]
[Black "Manu_ChessExcelsior"]
[WhiteFideId "8400504"]
[WhiteElo "1920"]
[BlackElo "1964"]
[Result "0-1"]
[Round "04"]
[TimeControl "180+2"]
[Date "2023.04.18"]
[WhiteClock "0:01:00"]
[BlackClock "0:00:08"]

1. e4 e5 2. Nf3 Nc6 3. Bb5 a6 4. Ba4 Nf6 5. O-O Be7 6. c3 b5 7. Bb3 O-O 8. d4 Nxe4 9. dxe5 Nc5 10. Bc2 d6 11. a4 Bg4 12. exd6 Bxd6 13. h3 Bh5 14. Be3 b4 15. Qd5 Bxf3 16. Qxf3 Ne5 17. Qh5 g6 18. Qh6 b3 19. Bd1 Re8 20. Nd2 Bf8 21. Qg5 Qxg5 22. Bxg5 Rab8 23. Be3 Ned3 24. Rb1 Nxa4 25. Nxb3 Naxb2 26. Na5 Nxd1 27. Rbxd1 Ne5 28. Bf4 Bg7 29. Rfe1 h5 30. Bxe5 Rxe5 31. Rxe5 Bxe5 32. Nc6 Rb5 33. c4 Rc5 34. Ne7+ Kg7 35. Rd7 Rxc4 36. g3 a5 37. Nc8 a4 38. Rd5 Bc3 39. Na7 a3 40. Rd1 a2 41. Nb5 a1=Q 42. Rxa1 Bxa1 43. Kg2 Be5 44. Na3 Rc6 45. Nb5 Re6 46. f4 Bd6 47. Nd4 Re4 48. Nf3 Re2+ 49. Kf1 Ra2 50. Ng5 c5 51. Ne4 Be7 52. g4 c4 53. f5 gxf5 54. gxf5 Bf6 55. Ng3 h4 56. Nh5+ Kh6 57. Nxf6 c3 0-1


[Site "https://www.chess.com"]

[Event "Titled Tuesday Blitz April 18 Late 2023"]
[White "Sariego Figueredo, Wilfredo"]
[Black "Joubert, Dantelle"]
[WhiteFideId "3500080"]
[BlackFideId "14310813"]
[WhiteElo "2309"]
[BlackElo "1507"]
[Result "1-0"]
[Round "04"]
[TimeControl "180+2"]
[Date "2023.04.18"]
[WhiteClock "0:02:06"]
[BlackClock "0:01:49"]

1. d4 Nf6 2. Bf4 e6 3. e3 b6 4. Nf3 Bb7 5. Be2 Be7 6. Nbd2 O-O 7. c3 d6 8. O-O Nbd7 9. Re1 Re8 10. Bd3 Bf8 11. e4 e5 12. Bg5 h6 13. Bh4 g6 14. Bc4 Bg7 15. a4 Qc8 16. a5 exd4 17. cxd4 Bxe4 18. Nxe4 Nxe4 19. Bd5 Ndf6 20. Bxf6 Nxf6 21. Rxe8+ Qxe8 22. Bxa8 Qxa8 23. axb6 cxb6 24. Qa4 a5 25. h3 Qd5 26. Re1 Ne4 27. Qe8+ Kh7 28. Qxe4 1-0


[Site "https://www.chess.com"]

[Event "Titled Tuesday Blitz April 18 Late 2023"]
[White "Svane, Frederik"]
[Black "Carlsen, Magnus"]
[WhiteFideId "12923044"]
[BlackFideId "1503014"]
[WhiteElo "2502"]
[BlackElo "2852"]
[Result "0-1"]
[Round "05"]
[TimeControl "180+2"]
[Date "2023.04.18"]
[WhiteClock "0:00:01"]
[BlackClock "0:01:15"]

1. e4 e6 2. d4 Ke7 3. Ke2 Ke8 4. Ke1 d5 5. Nd2 c5 6. Ngf3 cxd4 7. Nxd4 Nc6 8. Bb5 Bd7 9. Nxc6 bxc6 10. Bd3 Bd6 11. Qe2 Qc7 12. Nf3 dxe4 13. Qxe4 Nf6 14. Qh4 c5 15. Bg5 Nd5 16. Kf1 h6 17. Bd2 Kf8 18. Re1 Bc6 19. c4 Nf4 20. Be4 Bxe4 21. Rxe4 Ng6 22. Qh5 Qb7 23. Rxe6 fxe6 24. Qxg6 Qxb2 25. g3 Qf6 26. Qe4 Kf7 27. Kg2 Rhf8 28. h4 Kg8 29. Re1 Rae8 30. Re3 Qf5 31. Qc6 e5 32. Qxd6 e4 33. Qc6 Re6 34. Qb7 exf3+ 35. Kh2 Rb6 36. Qc7 Rb1 0-1


[Site "https://www.chess.com"]

[Event "Titled Tuesday Blitz April 18 Late 2023"]
[White "Sjugirov, Sanan"]
[Black "Nakamura, Hikaru"]
[WhiteFideId "4189302"]
[BlackFideId "2016192"]
[WhiteElo "2569"]
[BlackElo "2885"]
[Result "0-1"]
[Round "05"]
[TimeControl "180+2"]
[Date "2023.04.18"]
[WhiteClock "0:00:01"]
[BlackClock "0:01:26"]

1. d4 Nf6 2. c4 e6 3. Nf3 Bb4+ 4. Bd2 c5 5. Bxb4 cxb4 6. g3 b6 7. Bg2 Bb7 8. O-O a5 9. Qd3 O-O 10. Nbd2 d6 11. e4 e5 12. Rfe1 Nc6 13. Rad1 Qc7 14. b3 Rfe8 15. Nf1 Rad8 16. Ne3 Qb8 17. Nf5 Bc8 18. Ne3 Bg4 19. Nxg4 Nxg4 20. h3 Nf6 21. Re2 Nd7 22. Qe3 Nf8 23. Red2 Qc7 24. h4 Nd7 25. Bh3 Nf6 26. dxe5 dxe5 27. Kg2 Rxd2 28. Rxd2 Nd8 29. Re2 Nb7 30. Ne1 Nc5 31. Qf3 Rd8 32. Nc2 Qc6 33. Ne3 Qxe4 34. Qxe4 Ncxe4 35. Nd5 Nc3 36. Rxe5 Nfxd5 37. cxd5 g6 38. d6 Rxd6 39. h5 Kg7 40. hxg6 hxg6 41. Bg4 Nxa2 42. Be2 Re6 0-1


[Site "https://www.chess.com"]

[Event "Titled Tuesday Blitz April 18 Late 2023"]
[White "Ibrahimli, Murad"]
[Black "Caruana, Fabiano"]
[WhiteFideId "13410229"]
[BlackFideId "2020009"]
[WhiteElo "2364"]
[BlackElo "2837"]
[Result "0-1"]
[Round "05"]
[TimeControl "180+2"]
[Date "2023.04.18"]
[WhiteClock "0:00:23"]
[BlackClock "0:01:19"]

1. d4 Nf6 2. c4 e6 3. Nf3 d5 4. Nc3 Bb4 5. cxd5 exd5 6. Bg5 h6 7. Bh4 O-O 8. e3 Bf5 9. Qb3 Bxc3+ 10. bxc3 Nbd7 11. Be2 c5 12. O-O Qb6 13. dxc5 Qxb3 14. axb3 Nxc5 15. Bxf6 gxf6 16. Nd4 Bd7 17. Bf3 Be6 18. b4 Nd3 19. Be2 Ne5 20. f4 Nc4 21. Bxc4 dxc4 22. e4 Bd7 23. Kf2 a6 24. Rfd1 Rfe8 25. Kf3 b6 26. g4 a5 27. bxa5 Rxa5 28. Rxa5 bxa5 29. Ra1 a4 30. Nf5 Bc6 31. Nd6 Re6 32. Nxc4 Rxe4 33. Na5 Re1+ 0-1


[Site "https://www.chess.com"]

[Event "Titled Tuesday Blitz April 18 Late 2023"]
[White "Vachier-Lagrave, Maxime"]
[Black "Yoo, Christopher Woojin"]
[WhiteFideId "623539"]
[BlackFideId "30909694"]
[WhiteElo "2740"]
[BlackElo "2519"]
[Result "1/2-1/2"]
[Round "05"]
[TimeControl "180+2"]
[Date "2023.04.18"]
[WhiteClock "0:00:39"]
[BlackClock "0:00:28"]

1. e4 c5 2. Nf3 e6 3. d4 cxd4 4. Nxd4 Nc6 5. Nc3 Qc7 6. Nxc6 bxc6 7. Qd3 d5 8. Qg3 Qxg3 9. hxg3 Nf6 10. Bd3 a5 11. exd5 cxd5 12. Nb5 Kd8 13. Bf4 Bc5 14. Rd1 Ke7 15. O-O Bd7 16. a4 Ng4 17. Be2 h5 18. Rd2 f6 19. Bxg4 hxg4 20. Re1 Rh5 21. Kf1 e5 22. Rxd5 Bb4 23. Bd2 Bc6 24. Bxb4+ axb4 25. Rc5 Bf3 26. gxf3 gxf3 27. Rc7+ Ke6 28. Nd4+ Kd6 29. Nb5+ Ke6 30. Nd4+ Kd6 31. Nb5+ Ke6 1/2-1/2


[Site "https://www.chess.com"]